 Dungeon Crawl Stone Soup version 0.22-a0-603-gfc1114d (webtiles) character file.

1328 Amnesiac the Destroyer (level 8, -5/41 HPs)
             Began as a Deep Elf Wizard on July 7, 2018.
             Slain by a killer bee (9 damage)
             ... on level 7 of the Dungeon.
             The game lasted 00:07:07 (5033 turns).

Amnesiac the Destroyer (Deep Elf Wizard)            Turns: 5033, Time: 00:07:08

Health: -5/41      AC:  2    Str:  4    XL:     8   Next: 34%
Magic:  28/31      EV: 15    Int: 26    God:
Gold:   247        SH:  0    Dex: 13    Spells: 12/23 levels left

rFire    . . .     SeeInvis .   (no weapon)
rCold    . . .     Gourm    .   (no shield)
rNeg     . . .     Faith    .   a - +0 robe
rPois    .         Spirit   .   (no helmet)
rElec    .         Reflect  .   (no cloak)
rCorr    .         Harm     +   (no gloves)
MR       .....                  (no boots)
Stlth    ++........             r - amulet of harm
HPRegen  0.13/turn              g - ring of magical power
MPRegen  0.22/turn              o - +2 ring of evasion

@: about to teleport
A: no striking features
a: no special abilities


You were on level 7 of the Dungeon.
You were not hungry.

You visited 1 branch of the dungeon, and saw 7 of its levels.

You collected 247 gold pieces.

Inventory:

Armour
 a - a +0 robe (worn)
 l - the +3 ring mail of Ginkefac {-Cast rC+ rN++ Regen+, unknown}
   (You found it on level 6 of the Dungeon)

   It protects you from cold.
   It greatly protects you from negative energy.
   It prevents spellcasting.
   It increases your rate of regeneration.
Jewellery
 f - an uncursed ring of fire
 g - a ring of magical power (left hand)
 n - a +1 ring of protection
 o - a +2 ring of evasion (right hand)
 r - an amulet of harm (around neck)
Scrolls
 c - a scroll of remove curse {!r}
 i - 2 scrolls of identify {!r, unknown}
 k - a scroll of blinking {!r, unknown}
 q - a scroll of enchant armour {!r, unknown}
Potions
 b - 3 potions of heal wounds {!q, unknown}
 e - 2 potions of curing {!q}
 h - 2 potions of might {!q, unknown}
 j - a potion of mutation {!q, unknown}
 m - a potion of invisibility {!q, unknown}
 p - a potion of berserk rage {!q, unknown}
 t - 2 potions of magic {!q, unknown}
 u - 2 potions of haste {!q, unknown}
Comestibles
 d - 5 rations


   Skills:
 - Level 2.4 Dodging
 - Level 2.4 Stealth
 + Level 8.2 Spellcasting
 * Level 9.6 Conjurations
 - Level 1.1 Summonings
 - Level 1.1 Translocations


You had 12 spell levels left.
You knew the following spells:

 Your Spells              Type           Power        Failure   Level  Hunger
a - Magic Dart            Conj           ####         1%          1    None
b - Call Imp              Summ           ###.....     5%          2    None
e - Mephitic Cloud        Conj/Pois/Air  ####....     4%          3    None
s - Conjure Flame         Conj/Fire      #####...     2%          3    None
v - Blink                 Tloc           N/A          5%          2    None

Your spell library contained the following spells:

 Spells                   Type           Power        Failure   Level  Hunger
 Slow                     Hex            ##......     9%          2    None


Dungeon Overview and Level Annotations

Branches:
Dungeon (7/15)
 Temple: D:4-7

Altars:
Makhleb
Nemelex Xobeh
Wu Jian

Annotations:
D:3 Ijyb


Message History

The magic dart hits the orc priest.
The orc priest is severely wounded.
Casting: Magic Dart (safe; 1% risk of failure)
Confirm with . or Enter, or press ? or * to list all spells.
Aiming: Magic Dart (safe; 1% risk of failure)
Press: ? - help, Shift-Dir - straight line, f/p - orc priest
Aim: an orc priest, wielding a morningstar and wearing a leather armour (severely wounded)
The magic dart hits the orc priest.
You kill the orc priest!
Casting: Magic Dart (safe; 1% risk of failure)
Confirm with . or Enter, or press ? or * to list all spells.
You can't see any susceptible monsters within range! (Use Z to cast anyway.)
Casting: Magic Dart (safe; 1% risk of failure)
Confirm with . or Enter, or press ? or * to list all spells.
You can't see any susceptible monsters within range! (Use Z to cast anyway.)
Things that are here:
a morningstar; a leather armour An orc warrior and an orc wizard come into view.
The orc wizard is wielding a dagger of venom.
You found a teleport trap!
Casting: Magic Dart (safe; 1% risk of failure)
Confirm with . or Enter, or press ? or * to list all spells.
Aiming: Magic Dart (safe; 1% risk of failure)
Press: ? - help, Shift-Dir - straight line
Casting: Magic Dart (safe; 1% risk of failure)
Confirm with . or Enter, or press ? or * to list all spells.
Aiming: Magic Dart (safe; 1% risk of failure)
Press: ? - help, Shift-Dir - straight line, f - orc wizard
Aim: an orc wizard, wielding a dagger of venom and wearing a robe (hasn't noticed you)
The magic dart hits the orc wizard.
The orc wizard shouts!
The orc wizard gestures at you while chanting.
You are confused.
Unknown command.
You're too confused to move!
Unknown command.
The orc warrior hits you with a mace!
You feel less confused.
The orc wizard hits you with a dagger of venom.
You are poisoned.
You feel sick. The orc warrior misses you.
The orc wizard gestures at you while chanting.
The puff of flame hits you!
* * * LOW HITPOINT WARNING * * *
You feel sick.
Really walk into that teleport trap?
You enter a teleport trap!
The teleport trap disappears.
Your surroundings suddenly seem different. 5 killer bees come into view.
The killer bee buzzes angrily. x3; You hear a shout!
The killer bee buzzes angrily. x2
Found a buckler and a long glass wand.
Really quaff
e - 3 black potions {!q}?
It was a potion of curing {!q}.
You feel better. The killer bee stings you.
* * * LOW HITPOINT WARNING * * *
The killer bee closely misses you.
Really read
s - a scroll of teleportation {!r}?
As you read the scroll of teleportation {!r}, it crumbles to dust.
You feel strangely unstable. The killer bee barely misses you. x2
The killer bee completely misses you. x2; The killer bee stings you!
* * * LOW HITPOINT WARNING * * *
The killer bee stings you!
You die...

#.....#....+
#....## #....
#.....#....#
###### ##...
########...#
#... #...# #...
#..... #...
#...... #... .
+....... ## ####
...##+######...#
..
......yy@[.../.#
..
.......yy......#
.#
........y.......
###
................
...
................
...
................
###
..#######+#....#
. ....+ ...


You could see 5 killer bees.

Vanquished Creatures
  A hungry ghost (D:7)
  A sky beast (D:5)
  An ice beast (D:5)
  A phantom (D:6)
  2 centaurs
  2 bullfrogs (D:6)
  A crimson imp (D:5)
  A centaur zombie (D:6)
  A hound (D:5)
  A jelly (D:6)
  A bullfrog skeleton (D:5)
  2 orc priests
  2 iguanas
  4 orc wizards
  5 worker ants
  8 adders
  A shadow imp (D:5)
  An adder skeleton (D:6)
  3 adder zombies
  A worm (D:4)
  A dart slug (D:1)
  4 leopard geckos
  8 orcs
  3 giant cockroaches
  8 jackals
  A quokka (D:4)
  A bat (D:3)
  3 frilled lizards
  A quokka skeleton (D:6)
70 creatures vanquished.

Vanquished Creatures (collateral kills)
  A hound (D:5)
  A dart slug (D:5)
  4 orcs
  A frilled lizard (D:4)
7 creatures vanquished.

Grand Total: 77 creatures vanquished

Notes
Turn   | Place    | Note
-------+----------+-------------------------------------------
     0 | D:1      | Amnesiac the Deep Elf Wizard began the quest for the Orb.
     0 | D:1      | Reached XP level 1. HP: 10/10 MP: 7/7
     0 | D:1      | Noticed an ice dragon
     3 | D:1      | Noticed an iron dragon
     9 | D:1      | Noticed an iron dragon
    12 | D:1      | Noticed a red draconian
    14 | D:1      | Noticed an iron dragon
    16 | D:1      | Noticed a tentacled monstrosity
    16 | D:1      | Noticed an orb of fire
    16 | D:1      | Noticed an orb of fire
    18 | D:1      | Noticed a white draconian
    18 | D:1      | Noticed an orb of fire
    20 | D:1      | Noticed a shadow dragon
    20 | D:1      | Noticed a green draconian
    22 | D:1      | Noticed an orb of fire
   356 | D:4      | Reached skill level 2 in Conjurations
   356 | D:4      | Reached XP level 2. HP: 15/15 MP: 3/9
   360 | D:4      | Learned a level 2 spell: Blink
   363 | D:4      | Learned a level 2 spell: Call Imp
   395 | D:4      | Reached skill level 3 in Conjurations
   463 | D:4      | Reached XP level 3. HP: 19/19 MP: 0/11
   475 | D:4      | Learned a level 3 spell: Conjure Flame
   479 | D:4      | Learned a level 3 spell: Mephitic Cloud
   799 | D:4      | Reached skill level 4 in Conjurations
   799 | D:4      | Reached XP level 4. HP: 24/24 MP: 3/12
   824 | D:4      | Noticed Ijyb
   946 | D:4      | Reached skill level 5 in Conjurations
  1209 | D:4      | Reached XP level 5. HP: 17/28 MP: 2/14
  1820 | D:4      | Reached skill level 5 in Spellcasting
  1967 | D:4      | Found a burning altar of Makhleb.
  1984 | D:5      | Entered Level 5 of the Dungeon
  2011 | D:5      | Reached skill level 6 in Conjurations
  2086 | D:5      | Reached XP level 6. HP: 32/32 MP: 8/16
  2132 | D:5      | You fall through a shaft!
  2237 | D:6      | Got a faintly humming ring mail
  2365 | D:6      | Reached skill level 7 in Conjurations
  2435 | D:5      | Noticed an ice beast
  2437 | D:5      | Found an ornate altar of the Wu Jian Council.
  2527 | D:5      | Reached XP level 7. HP: 20/36 MP: 2/18
  2850 | D:5      | Found a sparkling altar of Nemelex Xobeh.
  3028 | D:5      | Reached skill level 8 in Conjurations
  4029 | D:6      | Reached XP level 8. HP: 41/41 MP: 15/21
  4228 | D:6      | Reached skill level 9 in Conjurations
  5033 | D:7      | Slain by a killer bee

Vault maps used:
D:1:      shiori_arrival_whats_in_store_for_you
D:2:      gammafunk_temple_overflow_statue, serial_bayou_lagoon_a
D:3:      minmay_diamond_boxcup, lemuel_coloured_pillars_altar, zin_treasury,
          hangedman_decor_opposing, trog_three_pillars_becter
D:4:      kennysheep_mini, uniq_ijyb
D:5:      nemelex_altar_shiori, old_standard_altar, first_ration
D:7:      marbit_many_paths, gammafunk_temple_overflow_wave,
          minmay_temple_entry_purple_smoke, uniq_prince_ribbit1

Skill      XL: |  1  2  3  4  5  6  7  8 |
---------------+-------------------------+-----
Conjurations   | 2 3 4 5 6 7 8 9 |  9.6
Spellcasting   | 5 6 7 8 |  8.2
Dodging        | |  2.4
Stealth        | |  2.4
Summonings     | |  1.1
Translocations | |  1.1

Action                   |  1- 3 |  4- 6 |  7- 9 || total
-------------------------+-------+-------+-------++-------
 Cast: Magic Dart        |    30 |   114 |   124 ||   268
       Call Imp          |     7 |     7 |     3 ||    17
       Mephitic Cloud    |     1 |     2 |     1 ||     4
       Conjure Flame     |       |     3 |     4 ||     7
       Blink             |       |     1 |       ||     1
  Use: Scroll            |       |       |     4 ||     4
       Potion            |       |       |     1 ||     1
  Eat: Chunk             |       |     4 |     5 ||     9
       Ration            |       |       |     1 ||     1
Armor: Robe              |       |     5 |     4 ||     9
Dodge: Dodged            |     2 |    25 |    30 ||    57

Table legend:
 A = Spawn XP
 B = Non-spawn XP
 C = Spawn XP percentage of total XP
 D = Spawn monster count
 E = Non-spawn monster count
 F = Spawn count percentage of total count
 G = Total turns spent on level
                    A         B        C        D         E        F      G
               +---------+---------+-------+---------+---------+-------+---------
         Total |       0 |    1898 |   0.0 |       0 |      77 |   0.0 |  5033
               +---------+---------+-------+---------+---------+-------+---------
           D:1 |       0 |       5 |   0.0 |       0 |       2 |   0.0 |   201
           D:3 |       0 |      14 |   0.0 |       0 |       2 |   0.0 |   510
           D:4 |       0 |     258 |   0.0 |       0 |      24 |   0.0 |  1430
           D:5 |       0 |     541 |   0.0 |       0 |      13 |   0.0 |   947
           D:6 |       0 |     750 |   0.0 |       0 |      31 |   0.0 |  1605
           D:7 |       0 |     330 |   0.0 |       0 |       5 |   0.0 |   306
               +---------+---------+-------+---------+---------+-------+---------
